 Dungeon Sprint DCSS version 0.20-a0-548-g4f8a798 (console) character file.

31657 sorlin the Imperceptible (level 13, -23/76 HPs)
             Began as a Spriggan Enchanter on Feb 1, 2017.
             Was the Champion of Dithmenos.
             Annihilated by a spriggan berserker
             ... wielding a +2 antimagic war axe
              (34 damage)
             ... in the Dungeon (Sprint IV: "Fedhas' Mad Dash").
             The game lasted 00:42:05 (5384 turns).

sorlin the Imperceptible (Spriggan Enchanter)       Turns: 5384, Time: 00:42:05

Health: -23/76     AC: 11    Str:  4    XL:     13   Next: 27%
Magic:  3/22       EV: 31    Int: 17    God:    Dithmenos [******]
Gold:   179        SH:  8    Dex: 21    Spells: 0/17 levels left

rFire    . . .     SeeInvis +   a - +4 dagger (venom)
rCold    . . .     Gourm    .   o - +5 faerie dragon scales {rElec rCorr}
rNeg     . . .     Faith    .   p - +1 buckler {reflect}
rPois    .         Spirit   .   (helmet restricted)
rElec    +         Reflect  +   (no cloak)
rCorr    +         Harm     .   (gloves unavailable)
MR       ++...     NoTele   +   (boots unavailable)
Stlth    ++++++++++             k - amulet of invisibility {+Inv}
Regen    0.3/turn               (no ring)
                                (no ring)

@: very slightly contaminated, wreathed by umbra, invisible (expiring), very
quick
A: unfitting armour, see invisible, herbivore 3, speed 3, slow metabolism 2
a: Shadow Step, Shadow Form, Renounce Religion, Turn Visible


You were in the Dungeon.
You worshipped Dithmenos.
Dithmenos was exalted by your worship.
You were not hungry.

You visited 1 branch You collected 470 gold pieces.
You spent 291 gold pieces at shops.


Innate Abilities, Weirdness & Mutations

You are very small and have problems with some larger weapons.
You are too small for most types of armour.
You have supernaturally acute eyesight. (SInv)
You are a herbivore.
You cover ground extremely quickly.
You need consume almost no food.


   Skills:
 + Level 12.6 Fighting
 - Level 5.0 Short Blades
 + Level 19.9 Dodging
 - Level 24.7 Stealth
 * Level 3.1 Shields
 - Level 2.6 Spellcasting
 + Level 15.7 Hexes
 + Level 16.3 Transmutations
 - Level 10.8 Invocations
 - Level 8.5 Evocations


You couldn't memorise any spells.
You knew the following spells:

 Your Spells              Type           Power        Failure   Level  Hunger
a - Ensorcelled Hibernat  Hex/Ice        ####..       3%          2    ##.....
d - Dazzling Spray        Conj/Hex       ####..       10%         3    ###....
q - Confuse               Hex            ######..     1%          3    ###....
s - Corona                Hex            ######.      1%          1    #......
t - Yara's Violent Unrav  Hex/Tmut       ######....   2%          5    ######.
w - Gell's Gravitas       Hex/Tloc       ####......   10%         3    ###....

Inventory:

Hand Weapons
 a - a +4 dagger of venom (weapon)
   (You bought it in a shop in the Dungeon)
 b - a +0 blowgun
 j - a +5 vampiric demon whip
   (You took it off a spriggan defender in the Dungeon)
 r - a +0 lajatang of speed
   (You took it off Agnes in the Dungeon)
 t - a +0 demon whip of venom
   (You took it off a spriggan defender in the Dungeon)
 v - a +2 vampiric rapier
   (You took it off a spriggan defender in the Dungeon)
Missiles
 w - 3 curare-tipped needles
Armour
 g - a +2 buckler
 i - a +0 buckler
 o - the +5 faerie dragon scales (worn) {rElec rCorr}
   (You took it off the Enchantress in the Dungeon)

   It insulates you from electricity.
   It protects you from acid and corrosion.
 p - a +1 buckler of reflection (worn)
   (You took it off the Enchantress in the Dungeon)
 u - a +2 robe of magic resistance
   (You took it off a spriggan defender in the Dungeon)
 x - a +0 robe
Magical Staves
 l - an uncursed staff of death
 q - an uncursed staff of energy {unknown}
Jewellery
 k - the amulet of invisibility (around neck) {+Inv}
   (You found it in the Dungeon)

   [amulet of nothing]

   It lets you turn invisible.
 s - the amulet of Eheliot {Spirit rElec rF- rN+++ Dex-4}
   (You found it in the Dungeon)

   [amulet of guardian spirit]

   It causes incoming damage to be split between your health and magic.
   It affects your dexterity (-4).
   It makes you vulnerable to fire.
   It insulates you from electricity.
   It renders you almost immune to negative energy.
Potions
 e - a potion of curing
 h - 2 potions of magic {!q}
Books
 c - a book of Maledictions

   Spells                             Type                      Level
   a - Corona                         Hexes                        1
   b - Ensorcelled Hibernation        Hexes/Ice                    2
   c - Confuse                        Hexes                        3
   d - Tukima's Dance                 Hexes                        3
   e - Dazzling Spray                 Conjuration/Hexes            3
 m - the Reference Book on the Fiery Oath
   (You found it in the Dungeon)

   Spells                             Type                      Level
   a - Corona                         Hexes                        1
   b - Bolt of Magma                  Conjuration/Fire/Earth       5
 n - a book of Misfortune

   Spells                             Type                      Level
   a - Confusing Touch                Hexes                        1
   b - Confuse                        Hexes                        3
   c - Gell's Gravitas                Hexes/Translocation          3
   d - Petrify                        Transmutation/Earth          4
   e - Metabolic Englaciation         Hexes/Ice                    5
   f - Yara's Violent Unravelling     Hexes/Transmutation          5
Comestibles
 d - a bread ration {!e}
 f - 4 royal jellies


Message History

The spriggan berserker looks as sick as possible!
The spriggan berserker is heavily wounded.
The death yak misses you.
The spriggan berserker hits you with an antimagic war axe.
* * * LOW HITPOINT WARNING * * *
You feel your power leaking away.
You take 6 damage.
You miss the spriggan berserker.
The spriggan berserker is heavily wounded.
The death yak completely misses you.
You fade into invisibility!
You are very lightly contaminated with residual magic.
You feel quite a bit more hungry. The death yak closely misses you.
You block the spriggan berserker's attack.
You block the death yak's attack.
There are monsters nearby!
You hit the death yak but do no damage.
The death yak is poisoned.
The spriggan berserker hits you with an antimagic war axe!
* * * LOW HITPOINT WARNING * * *
You feel your power leaking away.
You take 16 damage.
The death yak bellows!
You hit the death yak but do no damage.
The death yak looks as sick as possible!
The death yak is lightly wounded.
You block the death yak's attack.
You completely miss the death yak.
The death yak is lightly wounded.
The spriggan berserker completely misses you.
The death yak barely misses you.
You hit the death yak.
The death yak looks as sick as possible!
The death yak is lightly wounded.
The death yak completely misses you.
The spriggan berserker prays to Trog.
The spriggan berserker goes berserk!
You catch the helpless death yak completely off-guard!
You stick the death yak like a pincushion!!!
The death yak looks as sick as possible!
The death yak is heavily wounded.
The death yak gores you!
* * * LOW HITPOINT WARNING * * *
The spriggan berserker misses you.
You take 14 damage.
The spriggan berserker closely misses you.
You see here a spear of freezing.
The spriggan berserker rages.
You flicker for a moment.
The spriggan berserker hits you with an antimagic war axe!!
You die...

▒.............'....∩.∩'......
▒.............▒▒▒▒▒∩∩∩▒......
▒▒▒▒▒▒▒▒▒▒▒▒▒▒▒▒▒▒▒▒▒▒▒▒▒▒▒▒▒▒▒▒▒
.....♣.[♣..♣..♣..♣..♣..♣..♣..♣..♣
.....).....).............).......
.....♣.)♣..♣..♣..♣..♣..♣..♣..♣..♣
''▒▒▒▒▒▒▒▒▒▒▒▒▒▒▒▒▒▒▒▒▒▒▒▒▒▒▒▒▒▒▒
...▒ ▒▒▒▒▒▒.....▒▒▒▒▒....▒▒
...▒▒▒▒▒▒▒▒▒.....................
.....................Y...........
................@i.).............
............▒▒▒▒▒▒.....▒▒▒▒....▒▒
............▒ ▒▒▒▒▒▒▒ ▒▒▒▒▒▒
▒▒▒▒▒▒▒▒▒▒▒▒▒


You could see a death yak (berserk) and a spriggan berserker (berserk).

Vanquished Creatures
  the Enchantress (D)
  Agnes (D)
  2 ghost moths (D)
  3 spriggan defenders (D)
  3 spriggan berserkers (D)
  4 spriggan druids (D)
  25 oklob plants (D)
  2 moths of wrath (D)
  4 demonic crawlers (D)
  3 wandering mushrooms (D)
  3 burning bushes (D)
  2 queen bees (D)
  10 hornets (D)
  2 scorpions (D)
  4 killer bees (D)
  5 oklob saplings (D)
  2 worker ants (D)
  11 spriggans (D)
  A river rat (D)
  A rat (D)
  3 ballistomycetes (D)
  2 ballistomycete spores (D)
94 creatures vanquished.

Vanquished Creatures (others)
  A bush (D)
  3 fungi (D)
4 creatures vanquished.

Grand Total: 98 creatures vanquished

Notes
Turn   | Place    | Note
-------+----------+-------------------------------------------
     0 | D        | sorlin the Spriggan Enchanter began the quest for the Orb.
     0 | D        | Reached XP level 1. HP: 9/9 MP: 5/5
     8 | D        | Reached skill level 2 in Short Blades
     8 | D        | Reached skill level 6 in Stealth
     8 | D        | Reached XP level 2. HP: 13/13 MP: 6/6
     9 | D        | Reached skill level 7 in Stealth
    15 | D        | Noticed an oklob sapling
    17 | D        | Killed an oklob sapling
    17 | D        | Reached skill level 4 in Short Blades
    17 | D        | Reached skill level 9 in Stealth
    17 | D        | Reached XP level 3. HP: 15/16 MP: 8/8
    21 | D        | Reached skill level 10 in Stealth
    40 | D        | Noticed an oklob sapling
    43 | D        | Killed an oklob sapling
    43 | D        | Reached skill level 5 in Short Blades
    43 | D        | Reached skill level 1 in Evocations
    43 | D        | Reached XP level 4. HP: 21/21 MP: 9/9
    58 | D        | Found an opulent altar of Gozag.
    58 | D        | Found a hazy altar of Hepliaklqana.
    58 | D        | Found a roughly hewn altar of Beogh.
    58 | D        | Found a snail-covered altar of Cheibriados.
    59 | D        | Found a viscous altar of Jiyva.
    59 | D        | Found a burning altar of Makhleb.
    59 | D        | Found a sparkling altar of Nemelex Xobeh.
    59 | D        | Found a sacrificial altar of Ru.
    59 | D        | Found a deep blue altar of Sif Muna.
    59 | D        | Found a bloodstained altar of Trog.
    59 | D        | Found a shimmering altar of Xom.
    59 | D        | Found a basalt altar of Yredelemnul.
    60 | D        | Found an iron altar of Okawaru.
    60 | D        | Found a shadowy altar of Dithmenos.
    60 | D        | Found a glowing silver altar of Zin.
    61 | D        | Found an ancient bone altar of Kikubaaqudgha.
    61 | D        | Found a hide-covered altar of Uskayaw.
    62 | D        | Found a stormy altar of Qazlal.
    62 | D        | Found a white marble altar of Elyvilon.
    62 | D        | Found a glowing golden altar of the Shining One.
    63 | D        | Found a corrupted altar of Lugonu.
    63 | D        | Found a radiant altar of Vehumet.
    71 | D        | HP: 1/21 [acid (10)]
    75 | D        | Reached skill level 1 in Fighting
    75 | D        | Reached skill level 5 in Dodging
    75 | D        | Reached skill level 11 in Stealth
    75 | D        | Reached skill level 3 in Evocations
    79 | D        | Became a worshipper of Dithmenos the Shadowed
   466 | D        | Reached skill level 2 in Fighting
   466 | D        | Reached skill level 12 in Stealth
   466 | D        | Reached skill level 4 in Evocations
   466 | D        | Reached XP level 5. HP: 26/26 MP: 10/10
   475 | D        | Reached skill level 6 in Dodging
   476 | D        | Reached * piety under Dithmenos
   476 | D        | Reached skill level 3 in Fighting
   476 | D        | Reached skill level 13 in Stealth
   476 | D        | Reached skill level 5 in Evocations
   579 | D        | Found Miheas's General Store.
   580 | D        | Found Ady Siom's Antique Weapon Emporium.
   590 | D        | Noticed a burning bush
   590 | D        | Noticed a wandering mushroom
   595 | D        | Noticed a wandering mushroom
   598 | D        | Killed a wandering mushroom
   598 | D        | Reached skill level 4 in Fighting
   598 | D        | Reached skill level 8 in Dodging
   598 | D        | Reached skill level 15 in Stealth
   598 | D        | Reached skill level 7 in Evocations
   598 | D        | Reached XP level 6. HP: 19/34 MP: 8/12
   600 | D        | Killed a wandering mushroom
   600 | D        | Reached ** piety under Dithmenos
   600 | D        | Reached skill level 5 in Fighting
   600 | D        | Reached skill level 9 in Dodging
   600 | D        | Reached skill level 16 in Stealth
   600 | D        | Reached skill level 8 in Evocations
   600 | D        | Reached XP level 7. HP: 22/39 MP: 8/14
   600 | D        | HP: 11/39 [burning bush/puff of flame (11)]
   772 | D        | Noticed a queen bee
   777 | D        | Killed a queen bee
   777 | D        | Reached skill level 10 in Dodging
   777 | D        | Reached skill level 17 in Stealth
   777 | D        | Reached skill level 2 in Invocations
   778 | D        | Reached XP level 8. HP: 44/44 MP: 13/15
   779 | D        | Reached *** piety under Dithmenos
  1002 | D        | Noticed a burning bush
  1005 | D        | Killed a burning bush
  1005 | D        | Reached **** piety under Dithmenos
  1005 | D        | Reached skill level 6 in Fighting
  1005 | D        | Reached skill level 11 in Dodging
  1005 | D        | Reached skill level 18 in Stealth
  1005 | D        | Reached skill level 3 in Invocations
  1015 | D        | Noticed a burning bush
  1015 | D        | Noticed an oklob plant
  1016 | D        | Noticed a wandering mushroom
  1017 | D        | Killed a burning bush
  1017 | D        | Reached skill level 4 in Invocations
  1022 | D        | Killed an oklob plant
  1022 | D        | Reached skill level 12 in Dodging
  1022 | D        | Reached skill level 19 in Stealth
  1022 | D        | Reached skill level 5 in Invocations
  1025 | D        | Killed a wandering mushroom
  1025 | D        | Reached skill level 7 in Fighting
  1025 | D        | Reached XP level 9. HP: 50/50 MP: 16/16
  1026 | D        | Reached ***** piety under Dithmenos
  1027 | D        | Identified the Reference Book on the Fiery Oath
  1032 | D        | Learned a level 2 spell: Ensorcelled Hibernation
  1036 | D        | Learned a level 3 spell: Confuse
  1040 | D        | Learned a level 3 spell: Dazzling Spray
  1053 | D        | Noticed an oklob plant
  1056 | D        | Killed an oklob plant
  1056 | D        | Reached skill level 20 in Stealth
  1056 | D        | Reached skill level 4 in Hexes
  1056 | D        | Reached skill level 6 in Invocations
  1092 | D        | Noticed a spriggan druid
  1094 | D        | Killed a spriggan druid
  1094 | D        | Reached skill level 13 in Dodging
  1094 | D        | Reached skill level 5 in Hexes
  1109 | D        | Noticed an oklob plant conjurer
  1110 | D        | Killed an oklob plant conjurer
  1441 | D        | Noticed an oklob plant
  1441 | D        | Noticed an oklob plant summoner
  1442 | D        | Noticed an oklob plant shifter
  1443 | D        | Killed an oklob plant
  1443 | D        | Reached skill level 8 in Fighting
  1443 | D        | Reached skill level 21 in Stealth
  1443 | D        | Reached skill level 6 in Hexes
  1443 | D        | Reached skill level 7 in Invocations
  1445 | D        | Killed an oklob plant summoner
  1445 | D        | Reached XP level 10. HP: 56/56 MP: 12/17
  1447 | D        | Killed an oklob plant shifter
  1465 | D        | Noticed Agnes
  1479 | D        | Reached skill level 14 in Dodging
  1479 | D        | Reached skill level 7 in Hexes
  1481 | D        | Noticed a spriggan rider
  1482 | D        | Found Hana's Gadget Shoppe.
  1482 | D        | Found Roucuku's Distillery.
  1486 | D        | Killed a spriggan rider
  1486 | D        | Reached skill level 22 in Stealth
  1486 | D        | Reached skill level 8 in Hexes
  1486 | D        | Reached skill level 8 in Invocations
  1636 | D        | Bought a glowing dagger for 152 gold pieces
  1684 | D        | Found Ciosan's Gadget Shoppe.
  1685 | D        | Found Docsywe's Assorted Antiques.
  1760 | D        | Found Gukhliacs's Food Emporium.
  1760 | D        | Found Dod Ocei's Magic Scroll Shoppe.
  1761 | D        | Killed Agnes
  1761 | D        | Reached skill level 9 in Fighting
  1761 | D        | Reached skill level 15 in Dodging
  1761 | D        | Reached skill level 23 in Stealth
  1761 | D        | Reached skill level 9 in Hexes
  1761 | D        | Reached skill level 9 in Invocations
  1765 | D        | Noticed a spriggan defender
  1768 | D        | Noticed a spriggan berserker
  1796 | D        | HP: 15/58 [spriggan defender/antimagic rapier (6)]
  2179 | D        | Killed a spriggan berserker
  2179 | D        | Reached XP level 11. HP: 33/62 MP: 3/18
  2362 | D        | Noticed a spriggan rider
  2372 | D        | Killed a spriggan rider
  2437 | D        | Learned a level 5 spell: Yara's Violent Unravelling
  2452 | D        | Noticed a ghost moth
  2453 | D        | Found Pecsomil's Magic Scroll Boutique.
  2453 | D        | Found Ytal's Gadget Emporium.
  2453 | D        | Found Gunossiy's Weapon Shoppe.
  2456 | D        | Killed a ghost moth
  2456 | D        | Reached skill level 10 in Hexes
  2456 | D        | Reached skill level 4 in Transmutations
  2457 | D        | Reached skill level 16 in Dodging
  2457 | D        | Reached skill level 24 in Stealth
  2699 | D        | Noticed an oklob plant meteorologist
  2701 | D        | Noticed an oklob plant shifter
  2709 | D        | Killed an oklob plant meteorologist
  2709 | D        | Reached skill level 5 in Transmutations
  2717 | D        | Killed an oklob plant shifter
  2717 | D        | Reached skill level 10 in Invocations
  2862 | D        | Noticed a spriggan rider
  2863 | D        | Reached skill level 10 in Fighting
  2863 | D        | Reached skill level 6 in Transmutations
  2866 | D        | Killed a spriggan rider
  2866 | D        | Reached ****** piety under Dithmenos
  2866 | D        | Reached skill level 7 in Transmutations
  2911 | D        | Found Caprigh's Assorted Antiques.
  2911 | D        | Found Rixaqav's Armour Boutique.
  2911 | D        | Found Faac Poc's General Store.
  2912 | D        | Found Aplooqol's Food Emporium.
  2912 | D        | Found Jeob's Food Shop.
  2912 | D        | Found Xiofra Qohas's Antique Weapon Shoppe.
  2912 | D        | Found Oshruuxos's Gadget Shop.
  2912 | D        | Found Dazyvul's Food Boutique.
  2933 | D        | Bought a +1 robe of magic resistance for 139 gold pieces
  2953 | D        | Noticed an oklob plant summoner
  2954 | D        | Found Ystruh's Assorted Antiques.
  2954 | D        | Found Radwam's Food Shop.
  2955 | D        | Killed an oklob plant summoner
  2982 | D        | Noticed an oklob plant annihilator
  2983 | D        | Noticed an oklob plant demonologist
  2983 | D        | Noticed a spriggan berserker
  2985 | D        | Killed a spriggan berserker
  2985 | D        | Reached skill level 11 in Hexes
  2985 | D        | Reached skill level 8 in Transmutations
  2986 | D        | Killed an oklob plant demonologist
  2988 | D        | Killed an oklob plant annihilator
  2988 | D        | Reached skill level 9 in Transmutations
  2999 | D        | Got a scorched ruby amulet
  3002 | D        | Identified the amulet of Eheliot {Spirit rElec rF- rN+++ Dex-4} (You found it in the Dungeon)
  3150 | D        | Noticed an oklob plant
  3150 | D        | Noticed an oklob plant
  3150 | D        | Noticed an oklob plant
  3152 | D        | Noticed an oklob plant
  3152 | D        | Noticed an oklob plant
  3152 | D        | Noticed an oklob plant
  3152 | D        | Noticed an oklob plant
  3153 | D        | Killed an oklob plant
  3154 | D        | Noticed an oklob plant
  3155 | D        | Killed an oklob plant
  3156 | D        | Noticed an oklob plant
  3157 | D        | Killed an oklob plant
  3157 | D        | Reached skill level 17 in Dodging
  3157 | D        | Reached skill level 10 in Transmutations
  3157 | D        | Reached XP level 12. HP: 68/68 MP: 17/21
  3163 | D        | Reached skill level 11 in Transmutations
  3165 | D        | Reached skill level 12 in Hexes
  3169 | D        | Reached skill level 11 in Fighting
  3171 | D        | Reached skill level 12 in Transmutations
  3296 | D        | Noticed a spriggan defender
  3296 | D        | Noticed a spriggan defender
  3298 | D        | Killed a spriggan defender
  3298 | D        | Reached skill level 18 in Dodging
  3298 | D        | Reached skill level 13 in Transmutations
  3299 | D        | Killed a spriggan defender
  3299 | D        | Reached skill level 13 in Hexes
  3312 | D        | Reached skill level 14 in Transmutations
  3349 | D        | Noticed a ghost moth
  3356 | D        | Killed a ghost moth
  3377 | D        | Noticed a death yak
  3380 | D        | Noticed a death yak
  3408 | D        | HP: 8/70 [spriggan berserker/flail (29)]
  3785 | D        | Reached skill level 15 in Transmutations
  3922 | D        | Noticed a spriggan defender
  3925 | D        | Killed a spriggan defender
  3925 | D        | Reached skill level 12 in Fighting
  3925 | D        | Reached skill level 19 in Dodging
  3925 | D        | Reached skill level 14 in Hexes
  3984 | D        | Noticed the Enchantress
  3986 | D        | Killed the Enchantress
  3986 | D        | Reached skill level 15 in Hexes
  3986 | D        | Reached XP level 13. HP: 76/76 MP: 17/22
  4444 | D        | Learned a level 3 spell: Gell's Gravitas
  4462 | D        | Got faerie dragon scales
  4473 | D        | Identified the +5 faerie dragon scales {rElec rCorr} (You took it off the Enchantress in the Dungeon)
  4507 | D        | Reached skill level 1 in Shields
  4507 | D        | Reached skill level 16 in Transmutations
  4698 | D        | Reached skill level 2 in Shields
  4907 | D        | Reached skill level 3 in Shields
  4943 | D        | HP: 9/76 [spriggan berserker/antimagic war axe (24)]
  5376 | D        | HP: 10/76 [death yak[a spriggan berserker] (14)]
  5384 | D        | Annihilated by a spriggan berserker

Vault maps used:
D:        dungeon_sprint_fedhas

Action                   |  1- 3 |  4- 6 |  7- 9 | 10-12 | 13-15 || total
-------------------------+-------+-------+-------+-------+-------++-------
Melee: Dagger            |     5 |    15 |    45 |   121 |    49 ||   235
       Lajatang          |       |       |       |    11 |       ||    11
 Cast: Confuse           |       |       |       |     2 |    12 ||    14
       Yara's Violent Un |       |       |       |     3 |     4 ||     7
       Gell's Gravitas   |       |       |       |       |     3 ||     3
Invok: Shadow Step       |       |       |     1 |    15 |     4 ||    20
 Abil: Evoke Invisibilit |       |     2 |     3 |     5 |     1 ||    11
  Use: Potion            |       |     1 |     1 |     4 |       ||     6
       Scroll            |       |       |       |     3 |       ||     3
 Stab: Sleeping          |     4 |     5 |    17 |    40 |     6 ||    72
       Invisible         |       |     1 |       |     4 |     1 ||     6
       Confused          |       |       |       |     2 |     1 ||     3
       Distracted        |       |       |       |     1 |       ||     1
  Eat: Royal jelly       |       |       |       |     3 |     3 ||     6
Armor: Acid dragon scale |       |       |       |       |     2 ||     2
Dodge: Dodged            |       |     4 |     1 |    37 |    42 ||    84
Block: Buckler           |       |       |       |       |    12 ||    12
